 Dungeon Crawl Stone Soup version 0.23.0-28-g6fe0f4dc8b (webtiles) character file.

Game seed: 1699717048108445801

506 Kniotic the Insei (level 6, -6/47 HPs)
             Began as a Demonspawn Monk on Feb 25, 2019.
             Mangled by Duvessa
             ... wielding a +0 rapier
              (16 damage)
             ... on level 4 of the Dungeon.
             The game lasted 00:07:15 (4322 turns).

Kniotic the Insei (Demonspawn Monk)                 Turns: 4322, Time: 00:07:16

Health: -6/47      AC:  3    Str: 12    XL:     6   Next: 97%
Magic:  6/6        EV: 13    Int: 12    God:
Gold:   146        SH:  4    Dex: 16    Spells: 5/5 levels left

rFire    . . .     SeeInvis .     - Unarmed
rCold    . . .     Gourm    .   (no shield)
rNeg     . . .     Faith    .   a - +0 robe
rPois    .         Spirit   .   (no helmet)
rElec    .         Reflect  .   (no cloak)
rCorr    .         Harm     .   (no gloves)
MR       .....                  o - +0 pair of boots
Stlth    ++........             (no amulet)
HPRegen  0.15/turn              (no ring)
MPRegen  0.10/turn              (no ring)

@: no status effects
A: claws 2, large bone plates 1
a: no special abilities


You were on level 4 of the Dungeon.
You were not hungry.

You visited 1 branch of the dungeon, and saw 4 of its levels.

You collected 146 gold pieces.

Inventory:

Missiles
 h - 7 needles of paralysis
 j - 27 poisoned needles
Armour
 a - a +0 robe (worn)
 o - a +0 pair of boots (worn)
Scrolls
 c - 2 scrolls of enchant weapon {unknown}
 e - 2 scrolls of blinking {unknown}
 g - 2 scrolls of magic mapping {unknown}
 i - 2 scrolls of teleportation {unknown}
 k - a scroll of remove curse {unknown}
 n - a scroll of fear {unknown}
 q - 3 scrolls of identify {unknown}
 s - a scroll of enchant armour {unknown}
Potions
 d - 2 potions of curing
 f - a potion of might {unknown}
 l - a potion of agility {unknown}
 m - a potion of cancellation {unknown}
 r - a potion of berserk rage {unknown}
Comestibles
 b - 10 rations
 p - 6 chunks of flesh


   Skills:
 - Level 3.0 Fighting
 - Level 2.6 Dodging
 - Level 1.7 Stealth
 + Level 7.3 Unarmed Combat


You had 5 spell levels left.
You didn't know any spells.
Your spell library was empty.

Dungeon Overview and Level Annotations

Branches:
Dungeon (4/15)
 Temple: D:4-7

Altars:
Nemelex Xobeh
Okawaru
The Shining One

Annotations:
D:4 Duvessa


Innate Abilities, Weirdness & Mutations

You have very sharp fingernails.
You are partially covered in large bone plates. (SH +4)


Message History

Duvessa is heavily wounded.
You block Duvessa's attack.
You barely miss Duvessa.
Duvessa is heavily wounded.
Duvessa completely misses you.
Okay, then.
You claw Duvessa!
Duvessa is severely wounded.
Duvessa barely misses you.
You scratch Duvessa but do no damage.
Duvessa is severely wounded.
You block Duvessa's attack.
You claw Duvessa!
Duvessa is almost dead.
Duvessa hits you with a +0 rapier.
* * * LOW HITPOINT WARNING * * *
You scratch Duvessa.
Duvessa is almost dead.
Duvessa hits you with a +0 rapier!
You die...

#.....########.#
......#..##.......#
......#.e...#######
#######..#......#
#........##.....#
#.########....###
#.#.........#.# .#
#.......eZ### .#
#.......@## .#
#....#.#.#### #.####
##...###..)<.# ###..%..
..##..####......#########
....##.###.............##
.....#..#...#....#####.##
...........##....# #.# ##
............##..## #.# .#
................# #.#


You could see Duvessa (berserk) and a jackal skeleton.

Vanquished Creatures
  Grinder (D:4)
  Dowan (D:4)
  A crimson imp (D:3)
  A worker ant (D:4)
  3 adders
  7 gnolls
  2 oozes (D:2)
  An adder skeleton (D:4)
  3 worms
  2 dart slugs
  2 leopard geckos (D:1)
  4 orcs
  A ball python (D:3)
  3 giant cockroaches
  10 goblins
  6 hobgoblins
  7 jackals
  7 bats
  7 kobolds
  A quokka skeleton (D:4)
  5 rats
75 creatures vanquished.

Notes
Turn   | Place    | Note
-------+----------+-------------------------------------------
     0 | D:1      | Kniotic the Demonspawn Monk began the quest for the Orb.
     0 | D:1      | Reached XP level 1. HP: 18/18 MP: 1/1
    50 | D:1      | Reached skill level 3 in Unarmed Combat
   382 | D:1      | Gained mutation: You are partially covered in large bone
                  | plates. (SH +4) [demonic ancestry]
   382 | D:1      | Reached XP level 2. HP: 23/24 MP: 2/2
   983 | D:2      | Gained mutation: You have sharp fingernails. [demonic
                  | ancestry]
   983 | D:2      | Reached XP level 3. HP: 17/29 MP: 3/3
  1302 | D:2      | Reached skill level 4 in Unarmed Combat
  1699 | D:2      | Gained mutation: You have very sharp fingernails. [demonic
                  | ancestry]
  1699 | D:2      | Reached XP level 4. HP: 33/35 MP: 4/4
  2504 | D:2      | Reached skill level 5 in Unarmed Combat
  2586 | D:2      | Found a glowing golden altar of the Shining One.
  2723 | D:3      | Reached XP level 5. HP: 31/41 MP: 5/5
  3029 | D:3      | Found a sparkling altar of Nemelex Xobeh.
  3030 | D:3      | Found an iron altar of Okawaru.
  3826 | D:4      | Noticed Grinder
  3840 | D:4      | Killed Grinder
  3840 | D:4      | Reached skill level 7 in Unarmed Combat
  3840 | D:4      | Reached XP level 6. HP: 39/47 MP: 6/6
  4185 | D:4      | Noticed Dowan
  4262 | D:4      | Killed Dowan
  4300 | D:4      | Noticed Duvessa
  4322 | D:4      | Mangled by Duvessa

Skill      XL: |  1  2  3  4  5 |
---------------+----------------+-----
Unarmed Combat | 3 4 5 7 |  7.3
Fighting       | |  3.0
Dodging        | |  2.6
Stealth        | |  1.7

Action                   |  1- 3 |  4- 6 || total
-------------------------+-------+-------++-------
Melee: Unarmed           |   120 |   143 ||   263
       Punch             |     1 |     8 ||     9
  Use: Scroll            |       |     1 ||     1
       Potion            |       |     1 ||     1
 Stab: Distracted        |     1 |       ||     1
       Sleeping          |       |     5 ||     5
  Eat: Chunk             |     2 |     9 ||    11
Armor: Robe              |    19 |    12 ||    31
Dodge: Dodged            |    82 |    58 ||   140
Block: Other             |    11 |    18 ||    29
